Map: Pillars of Gold LE

Players

Acerth - Winner!

  • Race: Zerg Zerg
  • League: Silver
  • Spawn Location: 7:00

ANTHOLOGY

  • Race: Protoss Protoss
  • League: Silver
  • Spawn Location: 1:00

VOD

Have the link to the VOD?

Description

Time

  • Played on: Oct. 21, 2020, 4:42 p.m.
  • Length: 8:26
Show
View Real Time Build Order
Export as new Build Order

Acerth Zerg - Winner!

Build Orders: Pool First, Roach Ravager 

Get SALT Encoding   

  12  0:01  Drone  
  13  0:13  Overlord  
  13  0:18  Drone  
  14  0:31  Drone x2  
  16  0:37  Drone  
  17  0:47  Spawning Pool  
  16  0:51  Drone  
  16  0:54  Extractor  
  16  0:57  Drone  
  17  1:07  Drone, Unknown  
  18  1:24  Hatchery  
  17  1:30  Drone  
  17  1:32  Drone  
  19  1:44  Roach Warren  
  19  1:47  Zergling x2  
  19  1:50  Drone  
  20  2:09  Lair  
  20  2:13  Drone x2  
  22  2:20  Evolution Chamber  
  22  2:22  Evolution Chamber  
  20  2:29  Drone  
  21  2:34  Overlord  
  21  2:38  Overlord  
  21  2:44  Drone  
  21  3:00  Drone x2  
  21  3:01  Drone  
  24  3:11  Roach x2  
  24  3:12  Queen  
  30  3:16  Extractor  
  29  3:20  Queen  
  29  3:23  Drone  
  29  3:26  Drone  
  33  3:28  Drone  
  33  3:34  Roach  
  36  3:38  Roach  
  36  3:41  Drone  
  39  3:46  Glial Reconstitution  
  39  3:49  Drone  
  39  3:54  Drone  
  41  3:59  Roach  
  41  4:02  Zerg Missile Weapons Level 1  
  43  4:04  Overlord  
  43  4:09  Drone  
  44  4:15  Overlord  
  44  4:26  Overseer  
  44  4:29  Roach  
  44  4:30  Roach  
  48  4:33  Drone x2  
  48  4:34  Drone x3  
  48  4:35  Roach  
  55  4:41  Extractor  
  54  4:50  Roach x2  
  58  4:53  Roach  
  58  4:54  Overlord  
  58  4:57  Overlord  
  60  5:04  Overlord x2  
  60  5:12  Overlord  
  60  5:15  Ravager  
  60  5:16  Ravager  
  62  5:22  Ravager  
  62  5:23  Drone x4  
  62  5:24  Overlord  
  67  5:34  Extractor  
  66  5:42  Roach x3  
  67  5:44  Roach x2  
  67  5:47  Roach  
  73  5:57  Roach x2  
  77  5:59  Ravager  
  78  6:13  Ravager  
  79  6:30  Overseer  
  79  6:39  Drone x3  
  83  6:40  Roach, Drone x2  
  83  6:41  Roach x2  
  83  6:43  Overseer  
  90  6:49  Roach  
  90  6:51  Roach  
  94  7:00  Ravager  
  95  7:02  Roach x3  
  95  7:03  Roach  
  103  7:27  Ravager  
  103  7:29  Ravager  
Show
View Real Time Build Order
Export as new Build Order

ANTHOLOGY Protoss 

Build Orders:  

Get SALT Encoding   

  12  0:00  Probe  
  13  0:12  Probe  
  14  0:15  Unknown  
  14  0:16  Unknown  
  14  0:18  Pylon  
  14  0:24  Probe  
  15  0:36  Probe  
  15  0:40  Gateway  
  16  0:48  Probe  
  17  0:56  Assimilator  
  17  1:01  Probe  
  18  1:11  Gateway  
  18  1:16  Pylon  
  18  1:19  Probe  
  19  1:30  Cybernetics Core  
  19  1:34  Probe, Assimilator  
  20  1:42  Gateway  
  20  1:49  Probe  
  21  2:07  Probe  
  22  2:09  Stalker  
  22  2:10  Stalker  
  26  2:21  Probe  
  27  2:23  Pylon  
  27  2:25  Warp Gate  
  27  2:41  Stalker  
  27  2:43  Stalker  
  31  2:56  Stalker  
  33  3:04  Forge  
  33  3:11  Twilight Council  
  33  3:17  Stalker  
  35  3:26  Stalker  
  37  3:44  Pylon  
  37  3:47  Stalker  
  39  4:02  Stalker  
  41  4:04  Pylon  
  41  4:22  Nexus  
  41  4:27  Pylon  
  41  4:28  Protoss Ground Weapons Level 1  
  41  4:45  Stalker  
  41  4:46  Stalker  
  45  5:01  Pylon  
  45  5:08  Stalker  
  45  5:09  Stalker  
  49  5:24  Dark Shrine  
  49  5:31  Stalker  
  47  5:45  Stalker x2  
  51  5:55  Probe  
  52  5:58  Probe  
  53  6:07  Probe  
  54  6:14  Blink  
  54  6:16  Probe  
  55  6:20  Probe  
  56  6:28  Probe  
  56  6:32  Probe  
  58  6:40  Probe  
  58  6:44  Probe  
  60  6:48  Dark Templar  
  60  6:49  Dark Templar  
  60  6:52  Probe  
  65  6:58  Probe  
  66  7:03  Pylon  
  66  7:04  Probe  
  66  7:05  Assimilator  
  67  7:10  Probe, Assimilator  
  67  7:12  Dark Templar  
  70  7:18  Probe  
  70  7:22  Probe  
  72  7:30  Probe  
  72  7:34  Probe  
  72  7:42  Probe  
  67  7:52  Stalker  
  67  7:53  Stalker x2  
  71  8:05  Stargate  
Tags
 
Add a new tag
Caveats
  • Supply blocks, unpowered buildings, or Contaminate may cause inaccurate times.
  • Supply counts are checked every 10 seconds.